 Dungeon Crawl Stone Soup version 0.29-a0-477-g62b78b4225 (webtiles) character file.

Game seed: 15833364556057624958

898 lunkers the Reanimator (level 7, -3/46 HPs)
             Began as a Vampire Necromancer on May 24, 2022.
             Slain by a scorpion (7 damage)
             ... summoned by a gnoll shaman
             ... on level 5 of the Dungeon.
             The game lasted 00:08:48 (4535 turns).

lunkers the Reanimator (Vampire Necromancer)        Turns: 4535, Time: 00:08:48

Health: -3/46      AC:  3    Str:  7    XL:     7   Next: 79%
Magic:  23/23      EV: 16    Int: 20    God:
Gold:   150        SH:  0    Dex: 14    Spells: 8/16 levels left

rFire   . . .      SeeInvis +   a - +3 short sword (vamp)
rCold   . . .      Faith    .   f - orb {*channel}
rNeg    . . .      Spirit   .   h - +0 robe
rPois   .          Reflect  .   r - +0 helmet
rElec   .          Harm     .   (no cloak)
rCorr   .          Rampage  .   (no gloves)
Will    .....                   (no boots)
Stlth   ++........              c - amulet of the acrobat
HPRegen 0.35/turn               n - ring of magical power
MPRegen 0.18/turn               t - +4 ring of evasion

@: lethally poisoned (-3 -> -7), about to teleport, healing quickly
A: alive, fangs 3, see invisible, vampiric 2
a: Exsanguinate


You were on level 5 of the Dungeon.
You visited 1 branch of the dungeon, and saw 5 of its levels.

You collected 150 gold pieces.

Inventory:

Hand Weapons
 a - a +3 vampiric short sword (weapon)
Armour
 f - an orb of energy (worn)
 h - a +0 robe (worn)
 r - a +0 helmet (worn)
 v - a +2 robe of cold resistance
Jewellery
 c - an amulet of the acrobat (around neck)
 n - a ring of magical power (left hand)
 t - a +4 ring of evasion (right hand)
Wands
 z - a wand of iceblast (7)
Scrolls
 e - 2 scrolls of poison
 i - 2 scrolls of teleportation
 k - a scroll of blinking {unknown}
 m - 2 scrolls of immolation
Potions
 b - 2 potions of magic
 d - a potion of might {unknown}
 g - a potion of haste {unknown}
 j - a potion of berserk rage {unknown}
 l - 4 potions of curing
 o - 2 potions of heal wounds
 p - a potion of mutation {unknown}
 q - a potion of lignification {unknown}
 u - a potion of brilliance {unknown}
 x - a potion of degeneration {unknown}
 A - a potion of resistance {unknown}


   Skills:
 - Level 2.1 Dodging
 - Level 3.0 Stealth
 + Level 5.0 Spellcasting
 * Level 9.1 Necromancy


You had 8 spell levels left.
You knew the following spells:

 Your Spells              Type           Power      Damage    Failure   Level
a - Necrotize             Necr           100%       1d9       1%          1
b - Vampiric Draining     Necr           41%        2d8       1%          3
c - Animate Dead          Necr           41%        N/A       2%          4

Your spell library contained the following spells:

 Spells                   Type           Power      Damage    Failure   Level
 Agony                    Necr           41%        N/A       8%          5
 Sandblast                Erth           10%        2d5       12%         1
 Passwall                 Tmut/Erth      4%         N/A       17%         2
 Stone Arrow              Conj/Erth      10%        3d7       34%         3


Dungeon Overview and Level Annotations

Branches:
Dungeon (5/15)
 Temple: D:4-7

Altars:
Cheibriados
Xom

Shops:
D:4 [

Annotations:
D:5 Grinder


Innate Abilities, Weirdness & Mutations

Your natural rate of healing is accelerated.
You have razor-sharp teeth.
You have supernaturally acute eyesight. (SInv)
You are afflicted with vampirism and can become a bat while bloodless.


Message History

Unknown command.
Okay, then.
You hit the shadow imp. Your bite misses the shadow imp.
The shadow imp is lightly wounded.
The shadow imp closely misses you.
You closely miss the shadow imp. Your bite misses the shadow imp.
The shadow imp is lightly wounded.
The shadow imp closely misses you. x2
You puncture the shadow imp!
The shadow imp is severely wounded.
The shadow imp closely misses you.
You hit the shadow imp.
You kill the shadow imp!
Grinder blinks!
You hit the scorpion but do no damage. The scorpion misses you.
You hit the scorpion. You bite the scorpion.
The scorpion is heavily wounded.
The scorpion stings you.
* * * LOW HITPOINT WARNING * * *
The scorpion closely misses you.
Casting: Necrotize (safe; 1% risk of failure)
Confirm with . or Enter, or press ? or * to list all spells.
You can't see any susceptible monsters within range! (Use Z to cast anyway.)
You hit the scorpion.
The scorpion is severely wounded.
The scorpion stings you.
* * * LOW HITPOINT WARNING * * *
You are poisoned.
The scorpion poisons you!
You closely miss the scorpion.
The scorpion is severely wounded.
You feel sick. The scorpion stings you.
* * * LOW HITPOINT WARNING * * *
The gnoll shaman calls upon its god to speed up the gnoll.
The gnoll seems to speed up.
As you read the scroll of teleportation, it crumbles to dust.
You feel strangely unstable.
* * * LOW HITPOINT WARNING * * *
You feel sick. The scorpion stings you!
You die...

......###......#
......# ##....##
......# #......#
.....####......##
#.... .....#
#........## #......
...>## #.........#
....... ...##
#.........# ##.......
..##
#.........###........
###
#........@.##.....5..
#........#s##........
##......##gOg........
##.....###Sg........
###.### #..........
### #..........
#..........
...##...... #...#
#.....


You could see an ogre (summoned), a gnoll shaman, a scorpion (summoned), 2
gnolls and an adder (summoned).

Vanquished Creatures
  Sigmund (D:4)
  Blork the orc (D:4)
  4 scorpions
  2 orc priests (D:3)
  A jelly (D:5)
  2 orc wizards
  Robin (D:2)
  8 adders
  2 shadow imps (D:5)
  2 worms
  5 dart slugs
  16 orcs
  9 bats
  5 endoplasms
  9 goblins
  16 hobgoblins
  3 jackals (D:2)
  3 quokkas
  6 ball pythons
  5 frilled lizards
  9 kobolds
  5 rats
115 creatures vanquished.

Vanquished Creatures (collateral kills)
  A hound (D:4)
  2 adders (D:4)
  An endoplasm (D:2)
4 creatures vanquished.

Vanquished Creatures (others)
  2 plants (D:2)
2 creatures vanquished.

Grand Total: 121 creatures vanquished

Notes
Turn   | Place    | Note
-------+----------+-------------------------------------------
     0 | D:1      | lunkers the Vampire Necromancer began the quest for the
                  | Orb.
     0 | D:1      | Reached XP level 1. HP: 13/13 MP: 3/3
   338 | D:1      | Reached XP level 2. HP: 17/19 MP: 1/5
   694 | D:1      | Reached skill level 5 in Necromancy
   882 | D:2      | Gained mutation: You are afflicted with vampirism and can
                  | become a bat while bloodless. [Vampire growth]
   882 | D:2      | Reached XP level 3. HP: 24/24 MP: 2/6
   931 | D:2      | Found a shimmering altar of Xom.
  1012 | D:2      | Learned a level 3 spell: Vampiric Draining
  1115 | D:2      | Found a faded altar of an unknown god.
  1420 | D:2      | Reached XP level 4. HP: 30/30 MP: 8/8
  1420 | D:2      | Noticed Robin
  1531 | D:2      | Killed Robin
  1827 | D:3      | Reached skill level 6 in Necromancy
  1937 | D:3      | Reached XP level 5. HP: 35/35 MP: 9/9
  2383 | D:3      | Found a snail-covered altar of Cheibriados.
  2900 | D:4      | Noticed Blork the orc
  2975 | D:4      | Killed Blork the orc
  2976 | D:4      | Reached skill level 7 in Necromancy
  2976 | D:4      | Reached XP level 6. HP: 21/41 MP: 10/11
  3106 | D:4      | Noticed Sigmund
  3118 | D:4      | Killed Sigmund
  3188 | D:4      | Found Caugiaz's Armour Shop.
  3407 | D:4      | Reached skill level 8 in Necromancy
  3407 | D:4      | Reached XP level 7. HP: 44/46 MP: 13/13
  3498 | D:4      | Learned a level 4 spell: Animate Dead
  3973 | D:5      | Entered Level 5 of the Dungeon
  4270 | D:5      | Reached skill level 5 in Spellcasting
  4270 | D:5      | Reached skill level 9 in Necromancy
  4512 | D:5      | Noticed Grinder
  4518 | D:5      | Paralysed by Grinder for 5 turns
  4535 | D:5      | Slain by a scorpion

Illustrated notes

Levels and vault maps discovered:
D:1:      psy_arrival_fountain, layout_basic
D:2:      layout_rooms, hellmonk_ecumenical_altar_blasted, basic_altar,
          minmay_misc_feat_enclosed, serial_bayou_pond_c, nrook_campfire,
          uniq_robin
D:3:      kennysheep_six_static_rooms, layout_loops_ring, kennysheep_slug_shrine
D:4:      layout_basic, kennysheep_windowed_goal, uniq_blork_the_orc,
          uniq_sigmund
D:5:      layout_cave_pods, uniq_grinder

Skill      XL: |  1  2  3  4  5  6  7 |
---------------+----------------------+-----
Necromancy     | 5 6 7 8 9 |  9.1
Spellcasting   | 3 4 5 |  5.0
Dodging        | |  2.1
Stealth        | |  3.0

Action                   |  1- 3 |  4- 6 |  7- 9 || total
-------------------------+-------+-------+-------++-------
Melee: Short sword       |    15 |    50 |    23 ||    88
       Bite              |     1 |    10 |     3 ||    14
 Cast: Necrotize         |    69 |    65 |    52 ||   186
       Vampiric Draining |       |    17 |     1 ||    18
Evoke: Wand              |       |       |     4 ||     4
  Use: Scroll            |       |       |     9 ||     9
 Stab: Sleeping          |       |     1 |       ||     1
Armor: Robe              |     3 |     9 |     6 ||    18
Dodge: Dodged            |    16 |    66 |    25 ||   107

Table legend: (Time is in decaauts)
 A = Elapsed time spent in this place.
 B = Non-inter-level travel time spent in this place.
 C = Inter-level travel time spent in this place.
 D = Time resting spent in this place.
 E = Time spent auto-exploring this place.
 F = Levels seen in this place.
 G = Mean time per level.
                   A        B        C        D        E       F      G
               +--------+--------+--------+--------+--------+-----+--------+
         Total |   4557 |   4434 |    123 |    110 |   3571 |   5 |  911.4 |
       Dungeon |   4557 |   4434 |    123 |    110 |   3571 |   5 |  911.4 |
               +--------+--------+--------+--------+--------+-----+--------+

Top non-repeatable levels by time:
     D:3: 1151 daAuts
     D:4: 1010 daAuts
     D:2: 993 daAuts
     D:1: 839 daAuts
     D:5: 563 daAuts
